 Dungeon Crawl Stone Soup version 0.29-a0-506-ga2e7fffb44 (webtiles) character file.

Game seed: 13743849232360197120

1649 porpoise the Archer (level 9, -7/56 HPs)
             Began as a Tengu Hunter on May 29, 2022.
             Was an Initiate of Hepliaklqana.
             Mangled by a two-headed ogre
             ... wielding a +0 giant spiked club
              (21 damage)
             ... on level 6 of the Dungeon.
             The game lasted 00:14:59 (5299 turns).

porpoise the Archer (Tengu Hunter)                  Turns: 5299, Time: 00:14:59

Health: -7/56      AC: 13    Str: 19    XL:     9   Next: 0%
Magic:  10/10      EV: 14    Int: 11    God:    Hepliaklqana [......]
Gold:   111        SH:  0    Dex: 21    Spells: 8/8 levels left

rFire   . . .      SeeInvis .   a - +1 shortbow
rCold   . . .      Faith    .   (shield currently unavailable)
rNeg    . . .      Spirit   .   o - +8 ring mail of the Baker {+Blink}
rPois   .          Reflect  .   (helmet restricted)
rElec   .          Harm     .   (no cloak)
rCorr   +          Rampage  .   (no gloves)
Will    .....                   (boots unavailable)
Stlth   +++.......              i - amulet of regeneration
HPRegen 0.98/turn               w - ring of the Trilobite {rCorr Dex+2}
MPRegen 0.12/turn               D - +6 ring of strength

@: flying quickly and evasively, quick
A: beak, talons 3, nimble flight
a: Renounce Religion, Evoke Blink


You were on level 6 of the Dungeon.
You worshipped Hepliaklqana.
Hepliaklqana was noncommittal.
You visited 2 branches of the dungeon, and saw 7 of its levels.

You collected 307 gold pieces.
You spent 196 gold pieces at shops.

Inventory:

Hand Weapons
 a - a +1 shortbow (weapon)
 b - a +4 short sword
 h - a +4 dire flail of draining
Missiles
 j - 5 poisoned darts
 y - 5 boomerangs
Armour
 o - the +8 ring mail of the Baker (worn) {+Blink}
   (You found it on level 3 of the Dungeon)

   +Blink:    It lets you blink.
 t - a +3 leather armour of cold resistance
Jewellery
 i - an amulet of regeneration (around neck)
 w - the ring of the Trilobite (left hand) {rCorr Dex+2}
   (You found it on level 4 of the Dungeon)

   [ring of resist corrosion]

   Dex:       It affects your dexterity (+2).
   rCorr:     It protects you from acid and corrosion.
 D - a +6 ring of strength (right hand)
Wands
 x - a wand of flame (10)
Scrolls
 c - 3 scrolls of immolation
 d - a scroll of enchant armour
 f - 2 scrolls of magic mapping {unknown}
 g - a scroll of fog {unknown}
 k - a scroll of blinking {unknown}
 l - 3 scrolls of amnesia
 m - 2 scrolls of noise {unknown}
 n - a scroll of silence {unknown}
 r - 2 scrolls of poison {unknown}
 u - a scroll of teleportation {unknown}
 C - a scroll of brand weapon {unknown}
Potions
 e - a potion of mutation
 p - a potion of invisibility
 q - 3 potions of attraction
 s - 2 potions of might
 v - a potion of cancellation
 z - 5 potions of curing
 A - a potion of lignification
 B - a potion of haste


   Skills:
 + Level 6.7 Fighting
 * Level 9.7 Bows
 - Level 2.1 Dodging
 + Level 4.7 Stealth


You had 8 spell levels left.
You didn't know any spells.
Your spell library contained the following spells:

 Spells                   Type           Power      Damage    Failure   Level
 Frozen Ramparts          Ice            0%         1d2       88%         3
 Gell's Gravitas          Tloc           0%         N/A       88%         3
 Lesser Beckoning         Tloc           0%         N/A       88%         3
 Portal Projectile        Hex/Tloc       0%         N/A       88%         3
 Teleport Other           Tloc           0%         N/A       88%         3
 Tukima's Dance           Hex            0%         N/A       88%         3
 Ice Form                 Ice/Tmut       0%         N/A       99%         4
 Summon Ice Beast         Ice/Summ       0%         N/A       99%         4
 Blade Hands              Tmut           0%         N/A       100%        5


Dungeon Overview and Level Annotations

Branches:
Dungeon (6/15)             Temple (1/1) D:4

Altars:
Ashenzari
Cheibriados
Dithmenos
Elyvilon
Fedhas
Gozag
Hepliaklqana
Kikubaaqudgha
Makhleb
Nemelex Xobeh
Ru
Sif Muna
Trog
Vehumet
Wu Jian
Yredelemnul
The Shining One

Shops:
D:5 !

Annotations:
D:5 1 runed translucent door


Innate Abilities, Weirdness & Mutations

You have a beak for a mouth.
You have claws for feet.
Your magical nature lets you fly swiftly and evasively.


Message History

You have reached level 9!
Your experience leads to an increase in your attributes!
Your base attributes are Str 13, Int 9, Dex 19.
Increase (S)trength, (I)ntelligence, or (D)exterity?
You feel clever. x2
A cyclops comes into view.
The cyclops shouts!
The cyclops moves out of view.
Found 23 stones.
You shoot an arrow. The arrow hits the cyclops!
The cyclops is lightly wounded.
You shoot an arrow.
The arrow hits the cyclops but does no damage.
The cyclops is lightly wounded.
The cyclops throws a large rock.
The large rock misses you.
You shoot an arrow. The arrow hits the cyclops!
The cyclops is heavily wounded.
You shoot an arrow.
The arrow hits the cyclops but does no damage.
The cyclops is heavily wounded.
The cyclops hits you!!
You shoot an arrow. The arrow hits the cyclops!
The cyclops is severely wounded.
You shoot an arrow.
The arrow completely misses the cyclops.
The cyclops closely misses you.
You shoot an arrow.
The arrow hits the cyclops but does no damage.
The cyclops is severely wounded.
The cyclops hits you!
You shoot an arrow.
The arrow hits the cyclops but does no damage.
The cyclops is severely wounded.
A two-headed ogre comes into view.
It is wielding two +0 giant spiked clubs.
You shoot an arrow. The arrow hits the cyclops!
The cyclops is severely wounded.
The cyclops hits you!!
* * * LOW HITPOINT WARNING * * *
The two-headed ogre hits you with a +0 giant spiked club!!
You die...

##..........###### #####
#..##.#.#.#......### ####...#
#.##.#########...... .......#
#..##.#^# #...### ####...#
##..##.# ##.#### ####...####
##.#### ####......
#.........#####..# #.....####
#............#.O###.#.(#####.#
#...........###.@C....# ##.####
####....###.###############......
#........)..(.)))...........####
#.#....###.#..####.......#.## #
#.####.....#..####.......#.### #
#.# #######.................# #
#.# ##.#####.......###)# # #.#
#...# #.......# #.# # #.#
###...####.......# #.# #


You could see a two-headed ogre and a cyclops.

Vanquished Creatures
  Prince Ribbit (D:6)
  Edmund (D:6)
  A black bear (D:4)
  An ice beast (D:6)
  2 ogres (D:5)
  A centaur (D:5)
  A phantom (D:5)
  2 necrophages
  2 scorpions
  4 hounds
  A jelly (D:6)
  2 orc priests (D:6)
  Jessica (D:3)
  An iguana (D:5)
  Natasha (thrice) (D:4)
  2 orc wizards
  8 adders
  A shadow imp (D:6)
  2 ufetubi
  An adder zombie (D:3)
  An adder skeleton (D:3)
  A worm (D:5)
  4 dart slugs
  12 orcs
  8 endoplasms
  4 giant cockroaches
  5 goblins
  3 hobgoblins
  4 jackals
  2 quokkas
  6 ball pythons
  A ball python skeleton (D:3)
  8 bats
  6 frilled lizards
  3 kobolds
  A quokka skeleton (D:3)
  5 rats
112 creatures vanquished.

Vanquished Creatures (others)
  12 plants
  2 withered plants (D:3)
14 creatures vanquished.

Grand Total: 126 creatures vanquished

Notes
Turn   | Place    | Note
-------+----------+-------------------------------------------
     0 | D:1      | porpoise the Tengu Hunter began the quest for the Orb.
     0 | D:1      | Reached XP level 1. HP: 12/12 MP: 2/2
   100 | D:1      | Reached XP level 2. HP: 18/18 MP: 3/3
   431 | D:1      | Reached XP level 3. HP: 22/22 MP: 4/4
   826 | D:2      | Reached skill level 5 in Bows
   956 | D:2      | Found a faded altar of an unknown god.
  1552 | D:3      | Reached XP level 4. HP: 28/28 MP: 5/5
  1737 | D:3      | Identified the +8 ring mail of the Baker {+Blink}
  2252 | D:3      | Noticed Jessica
  2258 | D:3      | Killed Jessica
  2268 | D:3      | Found a shimmering blue altar of Sif Muna.
  2343 | D:3      | Gained mutation: Your magical nature lets you fly swiftly
                  | and evasively. [Tengu growth]
  2343 | D:3      | Reached XP level 5. HP: 33/33 MP: 6/6
  2439 | D:4      | Noticed a black bear
  2448 | D:4      | Killed a black bear
  2449 | D:4      | Reached skill level 6 in Bows
  2683 | D:4      | Found a staircase to the Ecumenical Temple.
  2693 | Temple   | Entered the Ecumenical Temple
  2987 | D:4      | Reached XP level 6. HP: 39/39 MP: 7/7
  3113 | D:4      | Noticed Natasha
  3123 | D:4      | Killed Natasha
  3220 | D:4      | Noticed Natasha
  3226 | D:4      | Killed Natasha
  3272 | D:4      | Identified the ring of the Trilobite {rCorr Dex+2}
  3300 | D:4      | Noticed Natasha
  3314 | D:4      | Killed Natasha
  3315 | D:4      | Reached skill level 5 in Fighting
  3574 | D:5      | Entered Level 5 of the Dungeon
  3582 | D:5      | Reached skill level 7 in Bows
  3582 | D:5      | Reached XP level 7. HP: 44/44 MP: 8/8
  3778 | D:5      | Found Mateceac's Distillery.
  3788 | D:5      | Bought a potion of degeneration for 14 gold pieces
  3788 | D:5      | Bought a potion of haste for 140 gold pieces
  3788 | D:5      | Bought a potion of curing for 42 gold pieces
  4015 | D:5      | Found a snail-covered altar of Cheibriados.
  4025 | D:5      | Reached skill level 8 in Bows
  4052 | D:5      | Reached XP level 8. HP: 51/51 MP: 9/9
  4351 | D:5      | Found a runed translucent door.
  4351 | D:5      | Found a basalt altar of Yredelemnul.
  4747 | D:6      | Found a bloodstained altar of Trog.
  4909 | D:6      | Found a hazy altar of Hepliaklqana.
  4926 | D:6      | Became a worshipper of Hepliaklqana the Forgotten
  4935 | D:6      | Reached skill level 9 in Bows
  5007 | D:6      | Noticed Edmund
  5016 | D:6      | HP: 1/42 [Edmund/+4 dire flail of draining (7)]
  5021 | D:6      | Killed Edmund
  5148 | D:6      | Noticed Prince Ribbit
  5163 | D:6      | Killed Prince Ribbit
  5277 | D:6      | Reached XP level 9. HP: 56/56 MP: 10/10
  5289 | D:6      | Noticed a cyclops
  5298 | D:6      | Noticed a two-headed ogre
  5299 | D:6      | Mangled by a two-headed ogre

Illustrated notes

Levels and vault maps discovered:
D:1:      dpeg_arrival_ternary, layout_rooms, chequers_jeans,
          minmay_misc_feat_square
D:2:      layout_loops_corners, shapermc_ecumenical_altar_mp_ritualfount,
          serial_bayou_crossing
D:3:      layout_loops_corners, tgw_sif, serial_undead, serial_undead_a,
          serial_undead_f, serial_undead_c, serial_undead_f
D:4:      layout_loops_cross, minmay_temple_entry_junction, uniq_natasha
D:5:      layout_loops_ring, mainiacjoe_overflow_small_starburst,
          dk_yredelemnul_ordeal, serial_shops, nicolae_stop_n_shop_1,
          serial_bayou_lagoon_a, grunt_ministairs_13
D:6:      layout_loops_ring, trog_three_pillars_becter,
          nicolae_hepliaklqana_hazy_memory, minmay_misc_feat_diagonals,
          minmay_small_thing, uniq_prince_ribbit1, uniq_edmund
Temple:   hc_temple_tempest_star

Skill      XL: |  1  2  3  4  5  6  7  8 |
---------------+-------------------------+-----
Bows           | 5 6 7 8 9 |  9.7
Fighting       | 3 4 5 6 |  6.7
Stealth        | 3 4 |  4.7
Dodging        | |  2.1

Action                   |  1- 3 |  4- 6 |  7- 9 || total
-------------------------+-------+-------+-------++-------
 Fire: Shortbow          |    83 |   155 |   182 ||   420
  Use: Scroll            |       |     5 |     4 ||     9
       Potion            |       |       |     2 ||     2
Armor: Leather armour    |     5 |       |       ||     5
       Ring mail         |     8 |    39 |    31 ||    78
Dodge: Dodged            |    21 |    52 |    58 ||   131

Table legend: (Time is in decaauts)
 A = Elapsed time spent in this place.
 B = Non-inter-level travel time spent in this place.
 C = Inter-level travel time spent in this place.
 D = Time resting spent in this place.
 E = Time spent auto-exploring this place.
 F = Levels seen in this place.
 G = Mean time per level.
                   A        B        C        D        E       F      G
               +--------+--------+--------+--------+--------+-----+--------+
         Total |   5186 |   5004 |    182 |    477 |   3673 |   7 |  740.9 |
       Dungeon |   4933 |   4781 |    152 |    477 |   3459 |   6 |  822.2 |
        Temple |    253 |    224 |     29 |      0 |    213 |   1 |  253.0 |
               +--------+--------+--------+--------+--------+-----+--------+

Top non-repeatable levels by time:
     D:3: 1089 daAuts
     D:5: 855 daAuts
     D:4: 818 daAuts
     D:6: 773 daAuts
     D:2: 769 daAuts
     D:1: 626 daAuts
  Temple: 253 daAuts
